 Dungeon Crawl Stone Soup version 0.31.0-9-g3a7656b989 (webtiles) character file.

Game seed: 6603173961837415084

194 qw the Skirmisher (level 5, -2/29 HPs)
             Began as a Deep Elf Hunter on Feb 2, 2024.
             Slain by an orc
             ... wielding a +0 mace
              (5 damage)
             ... on level 2 of the Dungeon.
             The game lasted 00:00:04 (1245 turns).

qw the Skirmisher (Deep Elf Hunter)                 Turns: 1245, Time: 00:00:04

Health: -2/29      AC:  5    Str: 10    XL:     5   Next: 44%
Magic:  7/7        EV: 11    Int: 14    God:
Gold:   55         SH:  0    Dex: 18    Spells: 4/4 levels left

rFire   . . .        a - +0 shortbow
rCold   . . .        (shield currently unavailable)
rNeg    . . .        j - +0 ring mail
rPois   .            (no helmet)
rElec   .            (no cloak)
rCorr   .            (no gloves)
SInv    .            (no boots)
Will    .....        (no amulet)
Stlth   +            (no ring)
HPRegen 0.24/turn    (no ring)
MPRegen 0.10/turn

%: no passive effects
@: about to teleport
A: no striking features
a: no special abilities


You were on level 2 of the Dungeon.
You visited 1 branch of the dungeon, and saw 2 of its levels.

You collected 55 gold pieces.


   Skills:
 + Level 1.5 Fighting
 - Level 9.0 Ranged Weapons
 - Level 2.4 Dodging
 - Level 1.2 Stealth


You had 4 spell levels left.
You didn't know any spells.
Your spell library was empty.

Inventory:

Hand Weapons
 a - a +0 shortbow (weapon)
Armour
 j - a +0 ring mail (worn)
Scrolls
 b - a scroll of enchant weapon {unknown}
Potions
 d - a potion of berserk rage {unknown}
 e - a potion of degeneration {unknown}
 f - 2 potions of ambrosia {unknown}
 g - a potion of lignification {unknown}
 h - a potion of brilliance {unknown}
 i - a potion of haste {unknown}

Dungeon Overview and Level Annotations

Branches:
Dungeon (2/15)

Altars:

Shops:
D:2 :


Message History

You now have 55 gold pieces (gained 7).
There is an escape hatch in the floor here.
A hobgoblin comes into view.
You shoot an arrow. The arrow hits the hobgoblin.
The hobgoblin is moderately wounded.
You hear a shout! x3
An orc comes into view. It is wielding a +0 mace.
A kobold comes into view. It is wielding a +0 whip.
You shoot an arrow. The arrow closely misses the orc.
An orc priest comes into view. It is wielding a +0 flail.
You shoot an arrow. The arrow hits the orc priest!
The orc priest is heavily wounded.
You shoot an arrow.
The arrow closely misses the orc priest.
The arrow closely misses the hobgoblin.
The arrow closely misses the kobold.
You hear a shout!
An orc comes into view. It is wielding a +0 hand axe.
The orc priest hits you with a +0 flail.
You shoot an arrow. The arrow hits the orc priest.
The orc priest is severely wounded.
The orc priest closely misses you.
You shoot an arrow. The arrow hits the orc priest.
The orc priest is severely wounded.
The orc priest hits you with a +0 flail.
The orc hits you but does no damage.
You shoot an arrow.
The arrow hits the orc priest but does no damage.
The orc priest is severely wounded.
The orc hits you with a +0 mace. The orc hits you but does no damage.
The orc priest misses you.
You shoot an arrow. The arrow hits the orc priest.
The orc priest is almost dead.
The orc hits you with a +0 mace. The orc hits you with a +0 hand axe.
The orc priest mumbles some strange prayers to Beogh against you.
Beogh smites you!
1245 ||| READING scroll of teleportation.
As you read the scroll of teleportation, it crumbles to dust.
You feel strangely unstable. The orc hits you with a +0 mace.
You die...

# #.##.#.#.##. ##.###
#.##.#.#..). #....#
#.##.#.#####
#....#####.##.#......
#.............#######
#....###...###.......
#....##..### #.######
#....##.## #.#.....
#@o..# #.#.####
#oo#### #.#.....
...Kg. #.######
#.###.... #.......
#..... ########
....... ##.......
#........


You could see an orc priest, 2 orcs, a hobgoblin and a kobold.

Vanquished Creatures
  Sigmund (D:2)
  A dart slug (D:1)
  4 ball pythons
  6 bats (D:1)
  2 endoplasms (D:1)
  4 giant cockroaches (D:1)
  5 goblins
  3 hobgoblins (D:1)
  2 jackals (D:1)
  3 kobolds
  2 quokkas
  A frilled lizard (D:1)
  3 rats (D:1)
37 creatures vanquished.

Notes
Turn   | Place    | Note
-------+----------+-------------------------------------------
     0 | D:1      | qw the Deep Elf Hunter began the quest for the Orb.
     0 | D:1      | Reached XP level 1. HP: 12/12 MP: 3/3
     0 | D:1      | 0 ||| qw: Version: 0.3-a-155-g5e7d8dd
     0 | D:1      | 0 ||| qw: Game counter: 2103
     0 | D:1      | 0 ||| qw: Melee chars always use a shield: true
     0 | D:1      | 0 ||| qw: God list: Okawaru
     0 | D:1      | 0 ||| qw: Allow faded altars: false
     0 | D:1      | 0 ||| qw: Do Orc after clearing Dungeon:15 true
     0 | D:1      | 0 ||| qw: Do second Lair branch before Depths: true
     0 | D:1      | 0 ||| qw: Lair rune preference: random
     0 | D:1      | 0 ||| qw: Goals: Normal
     0 | D:1      | 0 ||| PLANNING D:1-11
   140 | D:1      | Reached XP level 2. HP: 16/16 MP: 4/4
   183 | D:1      | Reached skill level 6 in Ranged Weapons
   555 | D:1      | Reached XP level 3. HP: 20/20 MP: 5/5
   893 | D:1      | 893 ||| UPGRADING to +0 ring mail.
   903 | D:1      | 903 ||| DROPPING +0 leather armour.
   904 | D:1      | 904 ||| DROPPING amulet of magic regeneration.
   905 | D:1      | 905 ||| READING scroll labelled ADUSE EDAMN.
   940 | D:1      | 940 ||| READING scroll labelled ILUARR OMEX.
   943 | D:1      | 943 ||| READING scroll labelled LAULID ZICATOX.
   944 | D:1      | 944 ||| READING scroll labelled OCLITS USISK.
   945 | D:1      | 945 ||| DROPPING scroll of butterflies.
  1076 | D:2      | Found Ibikh's Book Emporium.
  1136 | D:2      | Noticed Sigmund
  1140 | D:2      | Reached skill level 7 in Ranged Weapons
  1146 | D:2      | Killed Sigmund
  1147 | D:2      | Reached skill level 9 in Ranged Weapons
  1147 | D:2      | Reached XP level 4. HP: 21/25 MP: 6/6
  1147 | D:2      | Reached XP level 5. HP: 24/29 MP: 7/7
  1244 | D:2      | HP: 3/29 [orc priest/divine providence (10)]
  1245 | D:2      | 1245 ||| READING scroll of teleportation.
  1245 | D:2      | Slain by an orc

Levels and vault maps discovered:
D:1:      tarquinn_simple_flora_water_a, layout_loops_corners
D:2:      layout_basic, basic_altar, serial_shops, shop, uniq_sigmund

Skill      XL: |  1  2  3 |
---------------+----------+-----
Ranged Weapons | 6 9 |  9.0
Fighting       | |  1.5
Dodging        | |  2.4
Stealth        | |  1.2

Action                     |  1- 3 |  4- 6 || total
---------------------------+-------+-------++-------
   Fire: Shortbow          |    93 |     8 ||   101
    Use: Scroll            |     4 |     1 ||     5
 Armour: Leather armour    |     9 |       ||     9
         Ring mail         |     5 |     8 ||    13
  Dodge: Dodged            |    12 |     2 ||    14

Table legend:
 A = Non-vault XP
 B = Vault XP
 C = Vault XP percentage of total XP
 D = Non-vault monster count
 E = Vault monster count
 F = Vault count percentage of total count
                 A         B        C        D         E       F
            +---------+---------+-------+---------+---------+-------
      Total |      64 |     214 |  77.0 |      36 |       1 |   2.7
            +---------+---------+-------+---------+---------+-------
        D:1 |      52 |       0 |   0.0 |      29 |       0 |   0.0
        D:2 |      12 |     214 |  94.7 |       7 |       1 |  12.5
            +---------+---------+-------+---------+---------+-------
